 Dungeon Crawl Stone Soup version 0.27-a0-1065-ge809cff456 (webtiles) character file.

Game seed: 1755008877226439895

88183 robertstho the Warrior (level 15, 0/150 HPs)
             Began as a Minotaur Berserker on Apr 22, 2021.
             Was the Champion of Trog.
             Slain by a two-headed ogre
             ... wielding a +0 giant club
              (6 damage)
             ... on level 1 of the Orcish Mines.
             The game lasted 00:39:09 (20035 turns).

robertstho the Warrior (Minotaur Berserker)        Turns: 20035, Time: 00:39:09

Health: 0/150      AC: 31    Str: 27    XL:     15   Next: 45%
Magic:  14/14      EV: 10    Int:  5    God:    Trog [******]
Gold:   1816       SH:  0    Dex: 16    Spells: 14/14 levels left

rFire    . . .     SeeInvis .   y - +5 executioner's axe (flame)
rCold    . . .     Faith    .   (shield currently unavailable)
rNeg     . . .     Spirit   .   u - +0 plate armour
rPois    .         Reflect  .   g - +1 hat {Will+}
rElec    .         Harm     .   v - +2 cloak
rCorr    .         Rampage  .   T - +1 pair of gloves
Will     ++...                  s - +0 pair of boots
Stlth    ..........             r - amulet of regeneration
HPRegen  1.35/turn              w - +6 ring of dexterity
MPRegen  0.14/turn              G - +4 ring of protection

@: studying Shields, silenced
A: horns 2, retaliatory headbutt
a: Renounce Religion


You were on level 1 of the Orcish Mines.
You worshipped Trog.
Trog was exalted by your worship.
You visited 3 branches of the dungeon, and saw 23 of its levels.
You also visited: Ossuary, Bailey and Volcano.

You collected 2614 gold pieces.
You spent 798 gold pieces at shops.

Inventory:

Hand Weapons
 y - a +5 executioner's axe of flaming (weapon)
 J - a +3 antimagic broad axe
 O - a +1 broad axe of flaming
Missiles
 h - 8 curare-tipped darts
 k - 4 throwing nets
 p - 6 atropa-tipped darts
 U - 5 boomerangs of dispersal
Armour
 g - a +1 hat of willpower (worn)
 j - a +0 tower shield of protection
 s - a +0 pair of boots (worn)
 u - a +0 plate armour (worn)
 v - a +2 cloak (worn)
 D - +0 acid dragon scales
 H - a +2 ring mail of cold resistance
 Q - a +2 buckler of fire resistance
 T - a +1 pair of gloves (worn)
 Y - +0 fire dragon scales
Jewellery
 r - an amulet of regeneration (around neck)
 w - a +6 ring of dexterity (left hand)
 B - an amulet of reflection
 G - a +4 ring of protection (right hand)
 L - the ring "Juiwaliz" {*Corrode Drain rElec MP+9 SInv}
   (You bought it in a shop on level 2 of the Orcish Mines)

   [ring of magical power]

   It insulates you from electricity.
   It affects your magic capacity (+9).
   It lets you see invisible.
   It may corrode you when you take damage.
   It drains your maximum health when unequipped.
 W - a ring of willpower
 Z - the ring of Oraustria {Str+5 Int+6}
   (You found it on level 6 of the Lair of Beasts)

   [ring of intelligence]

   It affects your strength (+5).
   It affects your intelligence (+6).
Wands
 d - a wand of acid (1)
 z - a wand of mindburst (3)
 C - a wand of digging (4)
 K - a wand of iceblast (13)
Scrolls
 f - 14 scrolls of teleportation
 i - 3 scrolls of enchant weapon
 m - 2 scrolls of summoning
 t - 4 scrolls of immolation
 A - 6 scrolls of enchant armour
 E - 2 scrolls of fear
 I - 4 scrolls of fog
 N - a scroll of magic mapping
 R - 2 scrolls of holy word
Potions
 a - 4 potions of haste
 b - 4 potions of flight
 c - 3 potions of attraction
 e - 3 potions of might
 l - a potion of magic
 n - 6 potions of resistance
 o - 12 potions of curing
 q - 5 potions of heal wounds
 x - 5 potions of brilliance
 F - 6 potions of lignification
 M - a potion of ambrosia


   Skills:
 * Level 18.7 Fighting
 + Level 3.0 Long Blades
 + Level 17.3 Axes
 * Level 17.1 Armour
 + Level 4.6 Dodging
 + Level 16.2 Shields
 + Level 2.1 Evocations


You had 14 spell levels left.
You didn't know any spells.
Your spell library was empty.

Dungeon Overview and Level Annotations

Branches:
Dungeon (15/15)            Temple (0/1) D:6            Lair (6/6) D:10
 Shoals (0/4) Lair:4        Snake (0/4) Lair:3        Slime (0/5) Lair:5
    Orc (2/2) D:9             Elf (0/3) Orc:2        Vaults (0/5) D:13
Ossuary (visited)          Bailey (visited)         Volcano (visited)
 Depths: D:15

Altars:
Ashenzari
Cheibriados
Fedhas
Hepliaklqana
Kikubaaqudgha
Makhleb
Qazlal
Sif Muna
Trog
Vehumet
Wu Jian
Xom
Yredelemnul
The Shining One
Beogh

Shops:
D:7 (   Orc:2 ==[(

Annotations:
D:12 Rupert
Orc:1 1 transporter, 1 runed translucent door


Innate Abilities, Weirdness & Mutations

You have a pair of horns on your head.
You reflexively headbutt those who attack you in melee.


Message History

The orc knight is moderately wounded.
The orc knight completely misses you.
You slice the orc knight!! You burn the orc knight!
You headbutt the orc knight!!
The orc knight is almost dead.
The orc knight hits you with a +0 war axe!!
You open the orc knight like a pillowcase!!!
You burn the orc knight.
You kill the orc knight!
Trog accepts your kill.
The moth of wrath goads the ettin on!
The ettin goes berserk!
Things that are here:
a +0 war axe; a +0 chain mail; an orc corpse Your plate armour prevents you from hitting the two-headed ogre.
Your headbutt misses the two-headed ogre.
The moth of wrath goads the two-headed ogre on!
The two-headed ogre goes berserk!
The two-headed ogre hits you with a +0 giant club!!
The two-headed ogre hits you but does no damage.
The moth of wrath goads the cyclops on!
The cyclops goes berserk!
Okay, then.
The ettin closely misses you.
The ettin hits you with a +0 dire flail.
The two-headed ogre barely misses you. You furiously retaliate!
You headbutt the two-headed ogre!
The two-headed ogre hits you but does no damage.
Things that are here:
a +0 battleaxe; a +0 plate armour; an orc corpse The ettin hits you with a +0 dire flail!!
The ettin hits you with a +0 dire flail!
The two-headed ogre hits you with a +0 giant club!!
* * * LOW HITPOINT WARNING * * *
The two-headed ogre hits you with a +0 giant spiked club.
* * * LOW HITPOINT WARNING * * *
There is a large open door, spattered with blood here.
You feel much better. The ettin hits you but does no damage.
The ettin hits you with a +0 dire flail!!!
* * * LOW HITPOINT WARNING * * *
The two-headed ogre hits you with a +0 giant club.
You die...

#e#......... #.#.
#o#..⌠..()(..⌠ ##..
#e#....$())$. #... #e#...$$:_[$
#... #y#..### +# ##..
###.)#y##W## #... #○#..#######
#... ###..CO#.!.#... #...
##..C@...+.. #... ##..'.©.+..
#... ########## ##.. #y#####y#
### ###.©.### ##. ### #.......#
#.. ##.### #.......# ##.
#....########.......###########
##.....##...............##...##


You could see an ettin (berserk), a two-headed ogre (berserk), 3 moths of wrath,
a cyclops (berserk), a silent spectre (silencing), a deep elf pyromancer and an
orc sorcerer.

Vanquished Creatures
  Jorgrun (D:12)
  Gastronok (D:11)
  Nessos (D:13)
  2 slime creatures (D:14)
  Josephine (D:10)
  A fire dragon (Lair:6)
  2 boulder beetles
  Harold (D:10)
  7 hydras
  A catoblepas (Lair:6)
  2 centaur warriors
  3 two-headed ogres
  3 tengu warriors
  5 death yaks (Lair:6)
  3 orc high priests (Orc:2)
  A deep elf knight (D:13)
  Nergalle (D:10)
  3 skeletal warriors
  A lindwurm (Lair:6)
  6 orc knights
  A deep elf zephyrmancer (D:13)
  2 deep elf pyromancers
  2 manticores (D:13)
  3 orc sorcerers
  2 oklob plants
  4 elephants (Lair:6)
  A merfolk siren (Lair:4)
  2 molten gargoyles (Lair:6)
  6 black mambas
  A torpor snail (Lair:6)
  18 cane toads
  6 gargoyles
  Maggie (D:9)
  An efreet (D:13)
  3 rime drakes
  21 komodo dragons
  Psyche (D:10)
  2 tengu conjurers
  4 trolls
  A polar bear (shapeshifter) (D:14)
  The ghost of shoop the Chopper, an amateur PaAK of Lugonu (D:6)
  3 polar bears
  25 blink frogs
  Prince Ribbit (D:8)
  3 harpy skeletons (Volcano)
  A hornet (D:11)
  3 flying skulls (Volcano)
  An alligator skeleton (Volcano)
  A vampire (D:13)
  A shadow (D:12)
  4 wyverns
  4 wraiths (D:10)
  6 basilisks
  8 vampire mosquitoes
  48 yaks
  3 steam dragons
  8 wargs
  A naga (Lair:3)
  2 acid dragons
  12 water moccasins
  4 hell hounds (Lair:6)
  30 orc warriors
  3 necrophages
  2 black bears
  A hornet zombie (D:6)
  5 ice beasts
  16 wolves
  A boggart (D:13)
  7 ogres
  12 centaurs
  2 phantoms
  6 kobold brigands
  6 bullfrogs
  13 scorpions
  A wyvern zombie (D:8)
  2 water moccasin skeletons
  A water moccasin zombie (D:5)
  12 killer bees
  3 troll skeletons (Volcano)
  2 spriggan skeletons (Volcano)
  4 wights (D:7)
  An electric eel (D:10)
  4 howler monkeys
  2 hounds
  5 lava snakes (Lair:6)
  3 centaur zombies
  16 orc priests
  A gnoll shaman (D:5)
  Crazy Yiuf (D:4)
  6 centaur skeletons
  Jessica (D:2)
  22 orc wizards
  A scorpion zombie (Ossuary)
  2 iguanas (D:4)
  2 naga skeletons (Volcano)
  A hound zombie (D:3)
  4 mummies
  2 howler monkey zombies
  Robin (D:2)
  5 gnolls (D:5)
  3 adders
  A howler monkey skeleton (D:7)
  2 shadow imps
  2 white imps (D:6)
  3 ufetubi
  An adder skeleton (D:4)
  2 worms
  62 orcs
  8 endoplasms
  3 giant cockroaches
  A gnoll zombie (Ossuary)
  15 goblins
  4 hobgoblins
  6 jackals
  23 kobolds
  4 quokkas
  4 ball pythons
  5 bats
  6 frilled lizards
  2 goblin zombies (Ossuary)
  A hobgoblin zombie (Ossuary)
  A jackal skeleton (D:3)
  4 kobold zombies (Ossuary)
  2 orc zombies (Ossuary)
  4 rats
  A spectral orc (D:5)
  A bush (Lair:3)
648 creatures vanquished.

Vanquished Creatures (collateral kills)
  An orc knight (Orc:2)
  2 orc sorcerers (Orc:2)
  A komodo dragon (D:9)
  An orc warrior (D:11)
  A howler monkey (D:9)
  An orc priest (D:11)
  2 orc wizards (D:9)
  An ufetubus (D:9)
  3 orcs
13 creatures vanquished.

Vanquished Creatures (others)
  Erolcha (D:12)
  A deep elf pyromancer (D:12)
  An orc (Bailey)
  43 fungi
  48 plants
94 creatures vanquished.

Grand Total: 755 creatures vanquished

Notes
Turn   | Place    | Note
-------+----------+-------------------------------------------
     0 | D:1      | robertstho the Minotaur Berserker began the quest for the
                  | Orb.
     0 | D:1      | Reached XP level 1. HP: 19/19 MP: 0/0
   421 | D:1      | Reached skill level 4 in Fighting
   493 | D:1      | Reached XP level 2. HP: 27/27 MP: 1/1
   550 | D:1      | Identified the Grimoire of Fire and Black Arts
   950 | D:2      | Reached ** piety under Trog
  1028 | D:2      | Reached XP level 3. HP: 34/34 MP: 2/2
  1101 | D:2      | Noticed Robin
  1111 | D:2      | Killed Robin
  1177 | D:2      | Found a faded altar of an unknown god.
  1229 | D:2      | Reached XP level 4. HP: 41/41 MP: 3/3
  1391 | D:2      | Reached skill level 5 in Fighting
  1498 | D:2      | Noticed Jessica
  1504 | D:2      | Killed Jessica
  1871 | D:3      | Reached *** piety under Trog
  1880 | D:3      | Reached XP level 5. HP: 40/48 MP: 4/4
  2051 | D:3      | Reached skill level 5 in Axes
  2477 | D:4      | Reached XP level 6. HP: 43/57 MP: 5/5
  2683 | D:4      | Found a runed translucent door.
  2718 | D:4      | Found a stormy altar of Qazlal.
  2883 | D:4      | Reached skill level 6 in Fighting
  2939 | D:4      | Reached **** piety under Trog
  2967 | D:4      | Found an ornate altar of the Wu Jian Council.
  3176 | D:4      | Noticed Crazy Yiuf
  3438 | D:4      | Killed Crazy Yiuf
  3480 | D:5      | Entered Level 5 of the Dungeon
  3530 | D:5      | Reached skill level 5 in Armour
  3541 | D:5      | Reached XP level 7. HP: 63/63 MP: 6/6
  3602 | D:5      | Found a basalt altar of Yredelemnul.
  3672 | D:5      | Noticed a troll
  3677 | D:5      | Killed a troll
  3682 | D:5      | Found a radiant altar of Vehumet.
  3695 | D:5      | Found a blossoming altar of Fedhas.
  3695 | D:5      | Found a hazy altar of Hepliaklqana.
  3708 | D:5      | Found a burning altar of Makhleb.
  3853 | D:5      | Found a broken altar of Ashenzari.
  4105 | D:5      | Reached XP level 8. HP: 63/71 MP: 7/7
  4305 | D:6      | Found a runed translucent door.
  4333 | D:6      | Found a staircase to the Ecumenical Temple.
  4354 | D:6      | Reached skill level 7 in Fighting
  5461 | D:6      | Noticed shoop's ghost (amateur PaAK)
  5470 | D:6      | Killed shoop's ghost
  5514 | D:7      | Found Ydwomaph's Antique Weapon Boutique.
  5565 | D:7      | Reached XP level 9. HP: 79/79 MP: 8/8
  5637 | D:7      | Found a large runed translucent door.
  5638 | D:7      | Found a large runed translucent door.
  5785 | D:7      | Found a sand-covered staircase.
  5793 | Ossuary  | Entered an ossuary
  5837 | Ossuary  | Reached ***** piety under Trog
  5875 | Ossuary  | Reached skill level 1 in Shields
  6013 | Ossuary  | Reached skill level 10 in Armour
  6202 | D:7      | Reached skill level 8 in Fighting
  6204 | D:7      | Reached skill level 10 in Axes
  6553 | D:7      | Reached XP level 10. HP: 90/90 MP: 9/9
  6662 | D:7      | Found an ancient bone altar of Kikubaaqudgha.
  6675 | D:7      | Found a glowing golden altar of the Shining One.
  6770 | D:8      | Noticed Prince Ribbit
  6951 | D:8      | Killed Prince Ribbit
  7093 | D:8      | Reached skill level 9 in Fighting
  7180 | D:8      | Found a snail-covered altar of Cheibriados.
  7509 | D:9      | Received a gift from Trog
  7531 | D:9      | Found a staircase to the Orcish Mines.
  7598 | D:9      | Noticed Maggie
  7601 | D:9      | Paralysed by Maggie for 5 turns
  7614 | D:9      | Paralysed by Maggie for 7 turns
  7622 | D:9      | Killed Maggie
  7685 | D:9      | Reached skill level 5 in Shields
  7718 | D:9      | Found a flagged portal.
  7740 | Bailey   | Entered a bailey
  7954 | Bailey   | Reached XP level 11. HP: 99/99 MP: 10/10
  8417 | Bailey   | Reached skill level 10 in Fighting
  8664 | D:9      | Found a shimmering altar of Xom.
  8948 | D:10     | Entered Level 10 of the Dungeon
  9012 | D:10     | You fall into a shaft and drop 3 floors!
  9025 | D:13     | Noticed a centaur warrior
  9037 | D:13     | Killed a centaur warrior
  9064 | D:13     | You fall into a shaft and drop 2 floors!
  9064 | D:15     | Entered Level 15 of the Dungeon
  9089 | D:15     | Noticed a skeletal warrior
  9145 | D:14     | Noticed a tengu warrior
  9160 | D:14     | Killed a tengu warrior
  9161 | D:14     | Reached skill level 11 in Fighting
  9175 | D:14     | Noticed a five-headed hydra
  9183 | D:14     | Killed a one-headed hydra
  9240 | D:13     | Noticed an eight-headed hydra
  9243 | D:13     | Noticed an orc knight
  9248 | D:13     | Reached skill level 10 in Shields
  9260 | D:13     | Killed an orc knight
  9262 | D:13     | Received a gift from Trog
  9359 | D:13     | Found a blossoming altar of Fedhas.
  9368 | D:13     | Noticed Nessos
  9384 | D:13     | Killed Nessos
  9385 | D:13     | Reached skill level 12 in Fighting
  9385 | D:13     | Reached skill level 1 in Long Blades
  9439 | D:13     | Noticed an oklob plant
  9465 | D:13     | Killed an oklob plant
  9504 | D:13     | Noticed a deep elf pyromancer
  9512 | D:13     | Noticed a boulder beetle
  9526 | D:13     | Killed a boulder beetle
  9527 | D:13     | Reached skill level 1 in Evocations
  9527 | D:13     | Reached XP level 12. HP: 74/113 MP: 11/11
  9673 | D:13     | Noticed a tengu warrior
  9686 | D:13     | Killed a tengu warrior
  9812 | D:13     | Reached skill level 13 in Fighting
  9859 | D:13     | Found a gate to the Vaults.
 10082 | D:12     | You fall into a shaft and drop 2 floors!
 10158 | D:14     | Noticed a tengu warrior
 10171 | D:14     | Noticed a centaur warrior
 10179 | D:14     | Killed a centaur warrior
 10186 | D:14     | Killed a tengu warrior
 10187 | D:14     | Reached skill level 14 in Fighting
 10210 | D:14     | Found a shimmering blue altar of Sif Muna.
 10229 | D:12     | Noticed a seven-headed hydra
 10246 | D:12     | Killed a four-headed hydra
 10376 | D:12     | Noticed Jorgrun
 10389 | D:12     | Killed Jorgrun
 10390 | D:12     | Reached XP level 13. HP: 124/124 MP: 12/12
 10669 | D:12     | Noticed Erolcha
 10678 | D:12     | Killed Erolcha
 10740 | D:12     | Noticed Rupert
 10763 | D:11     | Noticed Gastronok
 10772 | D:11     | Killed Gastronok
 10898 | D:11     | Reached skill level 15 in Armour
 10933 | D:11     | Received a gift from Trog
 11412 | D:10     | Noticed Josephine
 11421 | D:10     | Killed Josephine
 11501 | D:10     | Noticed Harold
 11515 | D:10     | Killed Harold
 11559 | D:10     | Noticed Psyche
 11567 | D:10     | Killed Psyche
 11690 | D:10     | Reached skill level 15 in Shields
 11831 | D:10     | Found a staircase to the Lair.
 11832 | D:10     | Noticed Nergalle
 11846 | D:10     | Killed Nergalle
 11852 | D:10     | Reached skill level 15 in Fighting
 12341 | Lair:1   | Entered Level 1 of the Lair of Beasts
 12431 | Lair:1   | Found a dark tunnel.
 12528 | Volcano  | Entered a volcano
 13311 | Lair:1   | Received a gift from Trog
 13313 | Lair:1   | Reached ****** piety under Trog
 13608 | Lair:1   | Reached XP level 14. HP: 130/136 MP: 13/13
 13683 | Lair:1   | Reached skill level 16 in Fighting
 14725 | Lair:3   | Found a staircase to the Snake Pit.
 14734 | Lair:3   | Reached skill level 15 in Axes
 15918 | Lair:4   | Reached skill level 17 in Fighting
 16211 | Lair:4   | Found a staircase to the Shoals.
 16925 | Lair:5   | Found a staircase to the Slime Pits.
 17140 | Lair:5   | Received a gift from Trog
 17209 | Lair:6   | Entered Level 6 of the Lair of Beasts
 17413 | Lair:6   | Found a large runed translucent door.
 17414 | Lair:6   | Found a large runed translucent door.
 17618 | Lair:6   | Reached skill level 18 in Fighting
 17870 | Lair:6   | Reached XP level 15. HP: 133/149 MP: 14/14
 18416 | Lair:6   | Identified the ring of Oraustria {Str+5 Int+6}
 18434 | Lair:6   | Identified a scroll of acquirement
 18439 | Lair:6   | Acquired a +0 tower shield of protection
 18639 | Orc:1    | Entered Level 1 of the Orcish Mines
 18680 | Orc:1    | Found a transporter.
 18948 | Orc:2    | Entered Level 2 of the Orcish Mines
 19077 | Orc:2    | Received a gift from Trog
 19078 | Orc:2    | Found Vakla's Antique Weapon Boutique.
 19146 | Orc:2    | Found Doesas's Jewellery Emporium.
 19209 | Orc:2    | Bought an amulet of reflection for 420 gold pieces
 19209 | Orc:2    | Bought the ring "Juiwaliz" {*Corrode Drain rElec MP+9 SInv}
                  | for 378 gold pieces
 19209 | Orc:2    | Found Higgap's Jewellery Emporium.
 19211 | Orc:2    | Found Motiepn's Antique Armour Boutique.
 19371 | Orc:2    | Found a staircase to the Elven Halls.
 20013 | Orc:1    | Found a transporter.
 20013 | Orc:1    | Found a runed translucent door.
 20013 | Orc:1    | Found a bloodstained altar of Trog.
 20014 | Orc:1    | Found the +8 Wrath of Trog {antimagic, *Rage}
 20035 | Orc:1    | HP: 6/150 [ettin/+0 dire flail (42)]
 20035 | Orc:1    | Slain by a two-headed ogre

Illustrated notes

Levels and vault maps discovered:
D:1:      sevenhm_arrival_forest_fort_small_3, layout_loops_ring, minivault_19
D:2:      layout_basic, ebering_ecumenical_altar_hall, lexackson_kobold_supper,
          uniq_robin, uniq_jessica
D:3:      layout_rooms, serial_undead, serial_undead_d, serial_undead_c,
          serial_undead_c, serial_undead_c
D:4:      layout_basic, nzn_wu_jian_contemplation, kennysheep_mini,
          wad_floor_pattern_untrapped, uniq_crazy_yiuf_cottage
D:5:      layout_basic, lemuel_tele_altar,
          chequers_temple_overflow_statue_of_worship,
          yredelemnul_forgotten_temple_becter, chequers_serial_rivers_small_3
D:6:      layout_basic, minmay_temple_entry_gardened_gates,
          ebering_ghost_reflecting_pool, grunt_ministairs_7
D:7:      layout_loops_ring, jmf_multi_god_temple2, serial_shops,
          nicolae_shop_stone, gup_ossuary_entry_pyramid, minmay_quadrilaterals
D:8:      layout_basic, kennysheep_mini_moat, uniq_prince_ribbit1
D:9:      layout_basic, nicolae_overflow_hidden_temple, david_orc_3, serial_ice,
          serial_ice_n, serial_ice_h, serial_ice_m, serial_ice_b,
          enter_bailey_2, uniq_maggie
D:10:     layout_roguey, david_lair_shrubbed, small_chamber_with_monster,
          minmay_liquid_box, nooodl_orcs_dogs, uniq_josephine, uniq_nergalle,
          uniq_psyche, uniq_harold
D:11:     layout_rooms, uniq_gastronok
D:12:     layout_roguey, patterned_corridor, uniq_jorgrun, uniq_erolcha,
          uniq_rupert
D:13:     layout_small_grid, hangedman_vaults_entry_quadrant_bands, tgw_fedhas,
          uniq_nessos
D:14:     layout_roguey [special_room_bee], gammafunk_ghost_hydra_chop,
          led_sif_pool, hangedman_tell_no_tales
D:15:     gammafunk_depths_entry_grave, layout_loops_ring, serial_shops, shop,
          grunt_dithmenos_shadows, minmay_misc_feat_five
Lair:1:   layout_cave_pods, nicolae_volcano_entry_lava_flow
Lair:2:   layout_hall_layers
Lair:3:   layout_cave_pods, guppyfry_snake_entry_island,
          minmay_lair_oklob_bushes, grunt_megastairs_5, lemuel_fruit_tree
Lair:4:   layout_loops_ring, minmay_shoals_entry_lonely_mermaid,
          grunt_megastairs_3
Lair:5:   layout_regular_city, slime_dummy, serial_bayou_crossing
Lair:6:   cheibrodos_lair_end_hotspot, layout_long_grid
Orc:1:    emtedronai_trogs_sanctum, layout_caves
Orc:2:    st_orc_elflike, layout_caves, minmay_orc_temple_a

Skill      XL: |  1  2  3  4  5  6  7  8  9 10 11 12 13 14 15 |
---------------+----------------------------------------------+-----
Fighting       | 4 5 6 7 8 9 12 14 15 18 | 18.7
Axes           | 4 5 6 7 9 10 11 12 13 14 16 17 | 17.3
Armour         | 3 4 5 6 9 11 12 13 14 15 16 17 | 17.1
Dodging        | 3 4 |  4.6
Shields        | 2 5 11 13 16 | 16.2
Long Blades    | 1 2 3 |  3.0
Evocations     | 1 2 |  2.1

Action                   |  1- 3 |  4- 6 |  7- 9 | 10-12 | 13-15 || total
-------------------------+-------+-------+-------+-------+-------++-------
Melee: Hand axe          |    95 |   126 |   222 |   493 |   289 ||  1225
       Headbutt          |    11 |    16 |    59 |   154 |   210 ||   450
       Long sword        |       |       |       |    21 |     7 ||    28
       Executioner's axe |       |       |       |       |   483 ||   483
Invok: Berserk           |     1 |     6 |     2 |    10 |     8 ||    27
       Brothers in Arms  |       |       |       |     1 |     3 ||     4
       Trog's Hand       |       |       |       |     1 |       ||     1
Evoke: Wand              |       |       |       |    13 |     1 ||    14
  Use: Scroll            |     2 |     1 |     5 |    12 |    13 ||    33
       Potion            |       |       |       |     1 |     3 ||     4
 Stab: Distracted        |       |       |       |     2 |       ||     2
Armor: Ring mail         |    43 |    16 |       |       |       ||    59
       Animal skin       |     1 |       |       |       |       ||     1
       Scale mail        |       |    42 |     2 |       |       ||    44
       Plate armour      |       |       |   161 |   403 |   522 ||  1086
Dodge: Dodged            |    54 |    71 |    61 |   116 |   338 ||   640
Block: Kite shield       |       |       |    56 |    33 |       ||    89
       Tower shield      |       |       |       |   495 |   259 ||   754
       Buckler           |       |       |       |       |     7 ||     7
       Rpst.: Long sword |       |       |       |       |     1 ||     1

Table legend: (Time is in decaauts)
 A = Elapsed time spent in this place.
 B = Non-inter-level travel time spent in this place.
 C = Inter-level travel time spent in this place.
 D = Time resting spent in this place.
 E = Time spent auto-exploring this place.
 F = Levels seen in this place.
 G = Mean time per level.
                   A        B        C        D        E       F      G
               +--------+--------+--------+--------+--------+-----+--------+
         Total |  20420 |  19058 |   1362 |    374 |  14256 |  26 |  785.4 |
       Dungeon |  11472 |  10659 |    813 |    279 |   8243 |  15 |  764.8 |
          Lair |   5830 |   5409 |    421 |     37 |   4461 |   6 |  971.7 |
  Orcish Mines |   1421 |   1295 |    126 |      0 |    962 |   2 |  710.5 |
       Ossuary |    315 |    315 |      0 |      0 |    155 |   1 |  315.0 |
        Bailey |    828 |    828 |      0 |      9 |    196 |   1 |  828.0 |
       Volcano |    551 |    551 |      0 |     49 |    238 |   1 |  551.0 |
               +--------+--------+--------+--------+--------+-----+--------+

Top non-repeatable levels by time:
  Lair:6: 1361 daAuts
     D:6: 1249 daAuts
  Lair:1: 1172 daAuts
     D:7: 1169 daAuts
  Lair:3: 1125 daAuts
     D:4: 1083 daAuts
     D:1: 947 daAuts
    D:13: 924 daAuts
  Lair:4: 869 daAuts
     D:2: 859 daAuts
  Bailey: 828 daAuts
     D:9: 827 daAuts
     D:5: 802 daAuts
    D:10: 794 daAuts
  Lair:5: 727 daAuts
